 Dungeon Crawl Stone Soup version 0.27.0-1-g7a089689b8 (webtiles) character file.

Game seed: 3406181434801549332

1344 hatdisgam the Spear-Bearer (level 8, -3/54 HPs)
             Began as a Merfolk Fighter on Aug 10, 2021.
             Was a Follower of Hepliaklqana.
             Killed by nerve-wracking pain
             ... invoked by an orc priest
              (10 damage)
             ... on level 6 of the Dungeon.
             The game lasted 00:08:32 (7281 turns).

hatdisgam the Spear-Bearer (Merfolk Fighter)        Turns: 7281, Time: 00:08:33

Health: -3/54      AC: 10    Str: 18    XL:     8   Next: 62%
Magic:  8/8        EV:  7    Int: 10    God:    Hepliaklqana [*.....]
Gold:   208        SH: 10    Dex: 14    Spells: 7/7 levels left

rFire    . . .     SeeInvis +   a - +0 trident
rCold    . . .     Faith    +   c - +0 kite shield
rNeg     . . .     Spirit   .   o - +0 chain mail
rPois    .         Reflect  .   s - +0 helmet {Int+3}
rElec    .         Harm     .   (no cloak)
rCorr    .         Rampage  .   (no gloves)
Will     .....                  D - +0 pair of boots
Stlth    ..........             l - amulet of faith
HPRegen  0.18/turn              n - ring of see invisible
MPRegen  0.11/turn              (no ring)

@: studying Bows
A: reduced essence, (nimble swimmer 2), mertail
a: Renounce Religion, Recall Ancestor, Ancestor Identity


You were on level 6 of the Dungeon.
You worshipped Hepliaklqana.
Hepliaklqana was aware of your devotion.
You visited 2 branches of the dungeon, and saw 8 of its levels.

You collected 208 gold pieces.

Inventory:

Hand Weapons
 a - a +0 trident (weapon)
Armour
 b - a +0 scale mail
 c - a +0 kite shield (worn)
 o - a +0 chain mail (worn)
 s - a +0 helmet of intelligence (worn)
 D - a +0 pair of boots (worn)
Jewellery
 l - an amulet of faith (around neck)
 n - a ring of see invisible (left hand)
 y - a ring of wizardry
Wands
 x - a wand of polymorph (10)
Scrolls
 g - 3 scrolls of holy word
 j - a scroll of silence {unknown}
 k - 2 scrolls of fog {unknown}
 m - 2 scrolls of vulnerability
 p - a scroll of enchant weapon {unknown}
 q - a scroll of noise {unknown}
 t - 2 scrolls of blinking
 v - 2 scrolls of enchant armour {unknown}
 A - a scroll of immolation {unknown}
 B - a scroll of identify
Potions
 d - 2 potions of might
 e - 4 potions of heal wounds {unknown}
 h - a potion of mutation {unknown}
 i - 2 potions of lignification {unknown}
 r - a potion of flight {unknown}
 u - a potion of brilliance {unknown}
 w - a potion of resistance {unknown}
 z - a potion of haste {unknown}
 C - a potion of curing {unknown}


   Skills:
 + Level 4.3 Fighting
 * Level 10.8 Polearms
 - Level 2.1 Armour
 - Level 5.0 Dodging
 + Level 6.0 Shields


You had 7 spell levels left.
You didn't know any spells.
Your spell library contained the following spells:

 Spells                   Type           Power      Damage    Failure   Level
 Summon Guardian Golem    Hex/Summ       0%         N/A       100%        3
 Blade Hands              Tmut           0%         N/A       100%        5
 Irradiate                Conj/Tmut      0%         3d13      100%        5
 Dragon Form              Tmut           0%         N/A       100%        7
 Orb of Destruction       Conj           0%         N/A       100%        7
 Spellforged Servitor     Conj/Summ      0%         N/A       100%        7


Dungeon Overview and Level Annotations

Branches:
Dungeon (7/15)             Temple (1/1) D:5

Altars:
Hepliaklqana
Kikubaaqudgha
Makhleb
Okawaru
Trog
Vehumet
Yredelemnul
The Shining One

Shops:
D:2 [

Annotations:
D:6 2 transporters, sasquatch's ghost, novice MiFi


Innate Abilities, Weirdness & Mutations

Your life essence is reduced to manifest your ancestor. (-10% HP)
((You are quick and stealthy near water. (Stealth+, EV+, Speed+++)))
Your lower body shifts to a powerful aquatic tail in water.


Message History

You reach to attack!
You hit the orc but do no damage. You hit the orc.
The orc is moderately wounded.
A hornet comes into view.
Libusa barely misses the orc.
The orc priest invokes the aid of Beogh against you.
Pain shoots through your body!
You closely miss the orc.
The orc is moderately wounded.
The orc priest invokes the aid of Beogh against you.
Beogh smites you!
Libusa hits the orc.
You block the orc's attack.
You hear a shout!
You puncture the orc!
You kill the orc!
The orc priest calls down the wrath of Beogh upon you.
Beogh smites you!
You are too injured to fight recklessly!
Unknown command.
The orc priest hits you but does no damage.
You climb upwards.
Level annotation: 2 transporters, sasquatch's ghost, novice MiFi
There is a stone staircase leading down here.
Unknown command.
You closely miss the orc priest. You barely miss the orc priest.
You block the orc priest's attack.
Libusa misses the orc priest.
You hit the orc priest.
The orc priest is moderately wounded.
You block the orc priest's attack.
Libusa barely misses the orc priest.
You barely miss the orc priest.
The orc priest is moderately wounded.
The orc priest invokes the aid of Beogh against you.
Beogh smites you!
* * * LOW HITPOINT WARNING * * *
Libusa hits the orc priest.
You hit the orc priest.
The orc priest is almost dead.
The orc priest mumbles some strange prayers to Beogh against you.
Pain shoots through your body!
You die...

##############.# #.# #.
.............#.####'### #.
.###########.#.#......# #. .#
#.#.#......# #.
)###########.#.#......# #.
...))..[..##.#.#......##########.
.########.##.#.####..............
.########.##.#.#################.
................@o.............#R
)########.##.#.#R##########......
.########.##.#.#.##########...##.
+#...........#.#...............#.
.........#.#.#.#.##########.#####
.........+...#.#..........#......
.........##..#.#.##.#############
.........+.......................
.........##..#.#.##.#############


You could see the friendly Libusa the ancestor and an orc priest (ally target).

Vanquished Creatures
  An ice beast (D:6)
  2 black bears
  A sky beast (D:5)
  A centaur (D:7)
  A phantom (D:6)
  A bullfrog (D:6)
  2 water moccasin skeletons
  4 wights (D:6)
  4 hounds
  A jelly (D:4)
  A gnoll shaman (D:6)
  2 orc priests
  A bullfrog skeleton (D:6)
  An iguana (D:5)
  An orc wizard (D:4)
  A howler monkey zombie (D:7)
  4 gnolls (D:6)
  3 adders
  A howler monkey skeleton (D:6)
  A white imp (D:5)
  An ufetubus (D:5)
  3 worms
  3 dart slugs
  10 orcs
  7 endoplasms
  6 giant cockroaches
  6 goblins
  7 hobgoblins
  3 jackals (D:3)
  4 kobolds
  4 quokkas
  7 ball pythons
  A bat (D:1)
  2 frilled lizards
  A quokka skeleton (D:4)
  6 rats
  A spectral hobgoblin (D:2)
106 creatures vanquished.

Vanquished Creatures (others)
  An ancestor (D:6)
  4 plants
5 creatures vanquished.

Grand Total: 111 creatures vanquished

Notes
Turn   | Place    | Note
-------+----------+-------------------------------------------
     0 | D:1      | hatdisgam the Merfolk Fighter began the quest for the Orb.
     0 | D:1      | Reached XP level 1. HP: 18/18 MP: 1/1
   248 | D:1      | Reached XP level 2. HP: 24/24 MP: 2/2
   261 | D:1      | Reached skill level 4 in Polearms
   741 | D:2      | Reached XP level 3. HP: 29/29 MP: 3/3
   906 | D:2      | Found Nasixin's Antique Armour Emporium.
  1124 | D:2      | Found a faded altar of an unknown god.
  1353 | D:2      | Reached skill level 5 in Polearms
  1684 | D:3      | Reached XP level 4. HP: 26/35 MP: 4/4
  2097 | D:3      | Reached skill level 1 in Dodging
  2502 | D:3      | Reached XP level 5. HP: 32/41 MP: 5/5
  2663 | D:3      | Reached skill level 6 in Polearms
  3532 | D:4      | Reached XP level 6. HP: 21/47 MP: 6/6
  3752 | D:4      | Reached skill level 7 in Polearms
  4200 | D:5      | Entered Level 5 of the Dungeon
  4590 | D:5      | Found a staircase to the Ecumenical Temple.
  4613 | Temple   | Entered the Ecumenical Temple
  4851 | Temple   | Became a worshipper of Hepliaklqana the Forgotten
  4887 | D:5      | Noticed a black bear
  4903 | D:5      | Killed a black bear
  4904 | D:5      | Reached skill level 8 in Polearms
  4904 | D:5      | Reached XP level 7. HP: 34/52 MP: 7/7
  5433 | D:6      | Reached skill level 9 in Polearms
  5433 | D:6      | Reached skill level 5 in Shields
  5713 | D:6      | Found a transporter.
  5716 | D:6      | Noticed sasquatch's ghost (novice MiFi)
  5721 | D:6      | Found a transporter.
  5838 | D:6      | Reached skill level 5 in Dodging
  5838 | D:6      | Reached XP level 8. HP: 58/58 MP: 8/8
  6140 | D:6      | Reached skill level 10 in Polearms
  6718 | D:6      | Identified the +0 robe of Impatience {rF++}
  6771 | D:6      | Reached * piety under Hepliaklqana
  6977 | D:6      | Noticed a five-headed hydra
  7035 | D:7      | Noticed a wyvern
  7272 | D:7      | Noticed a hornet
  7281 | D:6      | Killed from afar by an orc priest

Illustrated notes

Levels and vault maps discovered:
D:1:      dpeg_arrival_round_a, layout_rooms, minmay_tetromino_s4
D:2:      layout_rooms, serial_shops, shop_statue,
          dreamdust_ecumenical_altar_drowned_temple, serial_bayou_ford_a
D:3:      layout_basic
D:4:      layout_rooms
D:5:      layout_basic, minmay_temple_entry_proselytizer, uniq_ijyb
D:6:      layout_basic, gammafunk_ghost_arena
D:7:      layout_cave_pods, grunt_ministairs_6, sigmund_edmund_badplayer
Temple:   compressed_dpeg_circular_temple

Skill      XL: |  1  2  3  4  5  6  7  8 |
---------------+-------------------------+-----
Polearms       | 4 5 6 8 9 10 | 10.8
Dodging        | 1 2 3 5 |  5.0
Shields        | 4 5 6 |  6.0
Fighting       | 4 |  4.3
Armour         | |  2.1

Action                   |  1- 3 |  4- 6 |  7- 9 || total
-------------------------+-------+-------+-------++-------
Melee: Trident           |   125 |   242 |   173 ||   540
Invok: Recall Ancestor   |       |       |     1 ||     1
  Use: Scroll            |       |     4 |     2 ||     6
       Potion            |       |       |     1 ||     1
Armor: Scale mail        |    28 |     8 |       ||    36
       Chain mail        |       |   105 |    52 ||   157
Dodge: Dodged            |    25 |    39 |    36 ||   100
Block: Kite shield       |    49 |   125 |    88 ||   262
